 Dungeon Crawl Stone Soup version 0.17.1-2-g5865329 (webtiles) character file.

312 Gargoyl the Sneak (level 6, -5/30 HPs)
             Began as a Spriggan Enchanter on Jan 13, 2016.
             Killed by nerve-wracking pain
             ... invoked by Grinder
              (10 damage)
             ... on level 5 of the Dungeon.
             The game lasted 00:14:29 (3861 turns).

Gargoyl the Sneak (Spriggan Enchanter)              Turns: 3861, Time: 00:14:29

Health: -5/30      AC:  3    Str:  6    XL:     6   Next: 18%
Magic:  2/12       EV: 24    Int: 16    God:
Gold:   169        SH:  0    Dex: 17    Spells: 4 memorised, 3 levels left

rFire  . . .     SeeInvis +     a - +4 dagger
rCold  . . .     Clarity  .     b - +1 robe
rNeg   . . .     SustAt   .     (shield restricted)
rPois  .         Gourm    .     (helmet restricted)
rElec  .         Spirit   .     (no cloak)
rCorr  .         Warding  .     (gloves unavailable)
rMut   .         Stasis   .     (boots unavailable)
MR     +....                    (no amulet)
Stlth  ++++......               (no ring)
                                j - +5 ring of evasion

@: very quick, somewhat resistant to hostile enchantments, stealthy
A: unfitting armour, see invisible, herbivore 3, speed 3, slow metabolism 2
a: no special abilities


You were on level 5 of the Dungeon.
You were not hungry.

You visited 1 branch of the dungeon, and saw 5 of its levels.

You collected 169 gold pieces.

Inventory:

Hand Weapons
 a - a +4 dagger (weapon)
 m - a +2 dagger
Missiles
 g - 29 poisoned needles
Armour
 b - a +1 robe (worn)
Jewellery
 j - a +5 ring of evasion (left hand)
Scrolls
 e - a scroll of remove curse
 f - 2 scrolls of teleportation
 h - 2 scrolls of amnesia
Potions
 i - a potion of beneficial mutation
 k - 2 potions of degeneration
 o - a potion of brilliance {unknown}
Books
 c - a book of Maledictions

   Spells                             Type                      Level
   a - Corona                         Hexes                        1
   b - Ensorcelled Hibernation        Hexes/Ice                    2
   c - Confuse                        Hexes                        3
   d - Tukima's Dance                 Hexes                        3
   e - Dazzling Spray                 Conjuration/Hexes            3
Comestibles
 d - 2 bread rations


   Skills:
 + Level 1.5 Fighting
 * Level 3.5 Short Blades
 + Level 4.2 Dodging
 * Level 6.4 Stealth
 + Level 3.8 Spellcasting
 + Level 4.4 Hexes


You had 3 spell levels left.
You knew the following spells:

 Your Spells              Type           Power        Failure   Level  Hunger
c - Corona                Hex            ###....      3%          1    None
d - Dazzling Spray        Conj/Hex       ##......     21%         3    ###....
e - Ensorcelled Hibernat  Hex/Ice        ##....       12%         2    ##.....
E - Confuse               Hex            ###.....     12%         3    ###....


Dungeon Overview and Level Annotations

Branches:
Dungeon (5/15)
 Temple: D:4-7

Altars:

Annotations:
D:4 Dowan, Duvessa
D:5 Grinder


Innate Abilities, Weirdness & Mutations

You are tiny and cannot use many weapons and most armour.
You have supernaturally acute eyesight.
You are a herbivore.
You cover ground extremely quickly.
You need consume almost no food.


Message History

Confirm with . or Enter, or press ? or * to list all spells.
Aiming: Ensorcelled Hibernation
Press: ? - help, Shift-Dir - straight line, f - giant gecko
Aim: a giant gecko (chance to defeat MR: 79%)
The giant gecko looks drowsy...
Grinder completely misses you.
The helpless giant gecko fails to defend itself.
You impale the giant gecko!!
You kill the giant gecko!
Grinder completely misses you.
Casting: Ensorcelled Hibernation
Confirm with . or Enter, or press ? or * to list all spells.
You don't have enough magic to cast that spell.
You closely miss Grinder.
Grinder is lightly wounded.
Grinder gestures at you. Pain shoots through your body!
* * * LOW HITPOINT WARNING * * *
Grinder gestures at you. Pain shoots through your body!
You die...

### .. #.## .#
..## . $..####..#
.. .........## ...
.....>..5.####....
..................
.......@†......#
..........<....#
...............#
.<.............#
...............#
...............#
######.........#
###########


You could see Grinder.

Vanquished Creatures
  A giant frog (D:3)
  The ghost of Charly the Sneak, a weakling OpAs (D:3)
  A hound (D:5)
  A worker ant (D:4)
  An orc wizard (D:3)
  Robin (D:3)
  An adder (D:3)
  2 oozes
  2 worms
  6 giant geckos
  8 orcs (D:3)
  21 goblins
  6 hobgoblins
  7 kobolds
  2 quokkas
  4 bats
  A giant cockroach (D:3)
  5 giant newts
  8 jackals
  8 rats
87 creatures vanquished.

Notes
Turn   | Place    | Note
--------------------------------------------------------------
     0 | D:1      | Gargoyl the Spriggan Enchanter began the quest for the Orb.
     0 | D:1      | Reached XP level 1. HP: 9/9 MP: 5/5
   241 | D:1      | Reached XP level 2. HP: 13/13 MP: 6/6
   272 | D:1      | Learned a level 2 spell: Ensorcelled Hibernation
   573 | D:2      | Reached skill level 5 in Stealth
   676 | D:1      | Reached XP level 3. HP: 17/17 MP: 1/8
   681 | D:1      | Learned a level 3 spell: Confuse
  1316 | D:4      | Noticed Duvessa
  1320 | D:4      | Reached skill level 1 in Fighting
  1320 | D:4      | Reached XP level 4. HP: 20/22 MP: 10/10
  1369 | D:4      | Noticed Dowan
  1422 | D:2      | Learned a level 3 spell: Dazzling Spray
  2172 | D:3      | Noticed Robin
  2430 | D:3      | Noticed Charly's ghost (weakling OpAs)
  2476 | D:3      | Killed Charly's ghost
  2476 | D:3      | Reached XP level 5. HP: 5/25 MP: 0/11
  2706 | D:3      | Noticed a giant frog
  2908 | D:3      | Found a faded altar to an unknown god.
  2914 | D:3      | Killed a giant frog
  2914 | D:3      | Reached skill level 6 in Stealth
  2974 | D:3      | Killed Robin
  3480 | D:3      | Reached XP level 6. HP: 19/30 MP: 4/12
  3850 | D:5      | Entered Level 5 of the Dungeon
  3850 | D:5      | Noticed Grinder
  3861 | D:5      | Killed from afar by Grinder

Action                   |  1- 3 |  4- 6 || total
-------------------------+-------+-------++-------
Melee: Dagger            |   101 |   116 ||   217
 Cast: Ensorcelled Hiber |    11 |    35 ||    46
       Confuse           |       |     5 ||     5
       Dazzling Spray    |       |     4 ||     4
  Use: Scroll            |       |     9 ||     9
 Stab: Sleeping          |    21 |    22 ||    43
       Distracted        |     1 |     2 ||     3
  Eat: Bread ration      |       |     1 ||     1
